 Dungeon Crawl Stone Soup version 0.28-a0-1506-g3893175d92 (webtiles) character file.

Game seed: 5988942719298330771

1943 Zonian the Ducker (level 9, -6/55 HPs)
             Began as a Djinni Ice Elementalist on Jan 14, 2022.
             Was a Follower of Ashenzari.
             Mangled by a wyvern zombie (8 damage)
             ... on level 7 of the Dungeon.
             The game lasted 00:29:52 (14072 turns).

Zonian the Ducker (Djinni Ice Elementalist)        Turns: 14072, Time: 00:29:53

Health: -6/55      AC:  6    Str:  7    XL:     9   Next: 41%
Gold:   139        EV: 15    Int: 20    God:    Ashenzari [*.....] SH:  0 Dex: 15

rFire   + + .      SeeInvis .   f - +3 dagger (speed)
rCold   x . .      Faith    .   (no shield)
rNeg    . . .      Spirit   .   a - +1 robe "Behold Eternity" {Self, Range} (curse)
rPois   ∞          Reflect  .   (no helmet)
rElec   .          Harm     .   q - +2 cloak of Ashenzari's Mistrust {Will+, Range, Fort} (curse)
rCorr   .          Rampage  .   (no gloves)
Will    +....                   (boots unavailable)
Stlth   +++.......              (no amulet)
HPRegen 0.18/turn               (no ring)
MPRegen 0.00/turn               (no ring)

@: flying
A: sickness immunity, fire resistance 2, cold vulnerability 1, float, innate
caster, hp casting, extra vitality 1
a: Renounce Religion, Shatter the Chains


You were on level 7 of the Dungeon.
You worshipped Ashenzari.
Ashenzari was aware of your devotion.
You visited 2 branches of the dungeon, and saw 8 of its levels.

You collected 440 gold pieces.
You spent 301 gold pieces at shops.

Inventory:

Hand Weapons
 c - a +2 vampiric short sword
 f - a +3 dagger of speed (weapon)
 h - a +0 hand axe of flaming
 l - a +2 mace of protection
 n - a +0 falchion
 o - a +3 war axe of distortion
 p - a +1 rapier of draining
Missiles
 k - 7 poisoned darts
Armour
 a - the cursed +1 robe "Behold Eternity" (worn) {Self, Range}

   It has a curse which improves the following skills: Introspection: Fighting
   and Spellcasting.
   Ranged Combat: Slings, Bows, Crossbows and Throwing.
 q - the cursed +2 cloak of Ashenzari's Mistrust (worn) {Will+, Range, Fort}
   (You bought it in a shop on level 6 of the Dungeon)

   It has a curse which improves the following skills: Ranged Combat: Slings,
   Bows, Crossbows and Throwing.
   Fortitude: Armour and Shields.
 r - a +0 leather armour
 t - a +0 leather armour
 u - +0 acid dragon scales
Wands
 d - a wand of digging (2)
 g - a wand of polymorph (2)
Scrolls
 b - a scroll of enchant armour
 j - 2 scrolls of fog
 m - 5 scrolls of identify
Potions
 e - 2 potions of mutation
 i - a potion of attraction
 s - a potion of brilliance


   Skills:
 + Level 4.1 Short Blades
 + Level 7.1 Dodging
 + Level 5.8 Stealth
 + Level 5.7(6.6) Spellcasting


You had one spell level left.
You knew the following spells:

 Your Spells              Type           Power      Damage    Failure   Level
a - Freeze                Ice            100%       1d11      1%          1
b - Frozen Ramparts       Ice            66%        1d8       1%          3
c - Ozocubu's Armour      Ice            33%        N/A       1%          3
d - Hailstorm             Conj/Ice       33%        3d8       6%          4
e - Foxfire               Conj/Fire      100%       2x1d9     1%          1
f - Blink                 Tloc           66%        N/A       1%          2
g - Dazzling Flash        Conj/Hex       66%        N/A       1%          3
h - Mephitic Cloud        Conj/Pois/Air  33%        N/A       1%          3
Your spell library was empty.

Dungeon Overview and Level Annotations

Branches:
Dungeon (7/15)             Temple (1/1) D:5

Altars:
Ashenzari
Cheibriados
Dithmenos
Elyvilon
Fedhas
Gozag
Kikubaaqudgha
Nemelex Xobeh
Okawaru
Qazlal
Ru
Sif Muna
Trog
Uskayaw
Vehumet
Wu Jian
Xom
Yredelemnul
Zin
The Shining One

Shops:
D:6 [

Portals:
Abyss: D:3

Annotations:
D:3 2 transporters, SirDiesAlot's ghost, amateur DjCj
D:4 1 runed translucent door, Crazy Yiuf; Dowan; Duvessa
D:6 Pikel


Innate Abilities, Weirdness & Mutations

You are immune to sickness and miasma.
You are immune to poison.
Your flesh is very heat resistant. (rF++)
You are vulnerable to cold. (rC-)
You float through the air rather than walking.
You learn spells naturally, not from books.
Your magical power is your life essence.
You have superior vitality. (+4 MHP)


Message History

The wyvern zombie is almost destroyed.
The wyvern zombie closely misses you.
The wyvern zombie completely misses you.
You hit the wyvern zombie.
The wyvern zombie is almost destroyed.
The wyvern zombie bites you!
* * * LOW HITPOINT WARNING * * *
Okay, then.
Okay, then.
Okay, then.
Okay, then.
Okay, then.
Casting: Ozocubu's Armour (safe; 1% risk of failure)
Confirm with . or Enter, or press ? or * to list all spells.
Okay, then.
Casting: Ozocubu's Armour (safe; 1% risk of failure)
Confirm with . or Enter, or press ? or * to list all spells.
Your icy armour will break if you move.
Continue?
You blink.
Your icy armour cracks and falls away as you move.
* * * LOW HITPOINT WARNING * * *
You feel stable enough to blink again.
You barely miss the wyvern zombie.
The wyvern zombie is almost destroyed.
The wyvern zombie misses you.
Casting: Blink (safe; 1% risk of failure)
Confirm with . or Enter, or press ? or * to list all spells.
You blink.
* * * LOW HITPOINT WARNING * * *
Okay, then.
You don't have enough health to cast this spell.
Your hands tingle!
f - a +3 dagger of speed (weapon)
You feel stable enough to blink again.
You hit the wyvern zombie but do no damage.
The wyvern zombie is almost destroyed.
You barely miss the wyvern zombie.
The wyvern zombie is almost destroyed.
The wyvern zombie bites you!
You die...

........##...........#
......!#..#...........# ....
)#.....##.......#### ...
.#.##............##. .. ..
##.#..........#..
.#.###....########....
#..##..#.## ##..##
##########.###.##.########....#
#.............@Z...........##.#
#..#####.####################..
#..# #.# ########...... #..# #..
.........###.# ###..# ####
########.# #.#
#....######################.# #..
..............!.............# ##.
......#####################......
......# ##.....


You could see a wyvern zombie.

Vanquished Creatures
  Maggie (D:7)
  Grinder (D:5)
  An ice beast (D:5)
  2 sky beasts (D:6)
  An ogre (D:4)
  A phantom (D:4)
  2 lemures (D:7)
  3 bullfrogs
  A scorpion (D:7)
  A bullfrog zombie (D:6)
  3 hounds (D:5)
  2 orc priests
  A bullfrog skeleton (D:5)
  A centaur skeleton (D:5)
  2 jellies
  Terence (D:2)
  2 iguanas
  6 orc wizards
  A killer bee zombie (D:6)
  7 gnolls
  9 adders
  A white imp (D:6)
  2 worms
  14 orcs
  3 bats
  7 endoplasms
  4 giant cockroaches
  4 goblins
  6 hobgoblins
  3 quokkas (D:1)
  7 ball pythons
  2 frilled lizards
  9 kobolds
  5 rats
116 creatures vanquished.

Vanquished Creatures (others)
  42 foxfires
42 creatures vanquished.

Grand Total: 158 creatures vanquished

Notes
Turn   | Place    | Note
-------+----------+-------------------------------------------
     0 | D:1      | Zonian the Djinni Ice Elementalist began the quest for the
                  | Orb.
     0 | D:1      | Reached XP level 1. HP: 15/15 MP: 0/0
   343 | D:1      | Reached XP level 2. HP: 17/21 MP: 0/0
   799 | D:1      | Reached XP level 3. HP: 5/25 MP: 0/0
   799 | D:1      | Learned a level 1 spell: Foxfire
  1836 | D:1      | Reached skill level 3 in Dodging
  2263 | D:2      | Found a faded altar of an unknown god.
  2404 | D:2      | Reached XP level 4. HP: 21/31 MP: 0/0
  2519 | D:2      | Identified the +4 ring mail of Sedu {Fly rN+++ Int-5
                  | Stlth+}
  3310 | D:2      | Noticed Terence
  3496 | D:2      | Killed Terence
  3647 | D:2      | Reached XP level 5. HP: 22/35 MP: 0/0
  3647 | D:2      | Learned a level 2 spell: Blink
  3840 | D:3      | Found a transporter.
  3842 | D:3      | Noticed a toenail golem
  3849 | D:3      | Found a transporter.
  3881 | D:3      | Found a one-way gate to the infinite horrors of the Abyss.
  3881 | D:3      | Noticed SirDiesAlot's ghost (amateur DjCj)
  4924 | D:4      | Noticed Duvessa
  4983 | D:4      | Found a runed translucent door.
  4984 | D:4      | Noticed Crazy Yiuf
  5209 | D:4      | You are sucked into a shaft and drop 2 floors!
  5243 | D:6      | Noticed a sky beast
  5252 | D:6      | Killed a sky beast
  5253 | D:6      | Reached skill level 4 in Dodging
  5253 | D:6      | Reached XP level 6. HP: 27/40 MP: 0/0
  5745 | D:5      | Entered Level 5 of the Dungeon
  6097 | D:4      | Noticed an ogre
  6299 | D:4      | Noticed Dowan
  6540 | D:4      | Reached XP level 7. HP: 21/45 MP: 0/0
  6540 | D:4      | Learned a level 3 spell: Dazzling Flash
  7923 | D:4      | Reached skill level 5 in Dodging
  8345 | D:4      | Reached skill level 1 in Short Blades
  8681 | D:5      | Found a staircase to the Ecumenical Temple.
  8692 | Temple   | Entered the Ecumenical Temple
  8748 | Temple   | Became a worshipper of Ashenzari the Shackled
 10568 | D:5      | Reached XP level 8. HP: 17/50 MP: 0/0
 11103 | D:5      | Reached skill level 5 in Spellcasting
 11116 | D:5      | Noticed Grinder
 11123 | D:5      | Killed Grinder
 11124 | D:5      | Reached skill level 6 in Dodging
 11725 | D:5      | Reached skill level 5 in Stealth
 12527 | D:6      | Found Ribb's Armour Shop.
 12540 | D:6      | Bought a +2 cloak of willpower for 301 gold pieces
 12578 | D:6      | Reached XP level 9. HP: 48/55 MP: 0/0
 12578 | D:6      | Learned a level 3 spell: Mephitic Cloud
 12950 | D:7      | Noticed Pikel
 13484 | D:7      | Reached * piety under Ashenzari
 13508 | D:7      | Noticed Maggie
 13532 | D:7      | Killed Maggie
 13533 | D:7      | Reached skill level 7 in Dodging
 14072 | D:7      | Mangled by a wyvern zombie

Illustrated notes

Levels and vault maps discovered:
D:1:      roderic_dead_forest, layout_loops_ring, minivault_5, bh_walls_and_bars
D:2:      layout_loops_cross, dreamdust_ecumenical_altar_grove, uniq_terence
D:3:      layout_loops_corners, gammafunk_ghost_abyssal_escape
D:4:      layout_basic, uniq_duvessa, uniq_crazy_yiuf_cottage
D:5:      layout_basic, minmay_temple_entry_offerings, uniq_grinder
D:6:      layout_loops_ring, serial_shops, shop, chequers_serial_rivers_small_b
D:7:      lemuel_ratsnest, layout_rooms, gammafunk_ghost_berserking_beasts,
          uniq_maggie, uniq_harold, uniq_pikel
Temple:   regret_index_temple_sigil_plot

Skill      XL: |  1  2  3  4  5  6  7  8  9 |
---------------+----------------------------+-----
Stealth        | 2 3 4 5 |  5.8
Dodging        | 3 4 5 6 7 |  7.1
Spellcasting   | 4 5 |  5.7
Short Blades   | 2 3 4 |  4.1

Action                   |  1- 3 |  4- 6 |  7- 9 || total
-------------------------+-------+-------+-------++-------
Melee: Unarmed           |     3 |       |       ||     3
       Short sword       |    10 |       |       ||    10
       Dagger            |    36 |   139 |   148 ||   323
       Punch             |       |     2 |     4 ||     6
       Rapier            |       |       |    79 ||    79
Throw: Dart              |       |     2 |     1 ||     3
 Cast: Freeze            |    32 |    26 |     9 ||    67
       Foxfire           |       |    10 |    15 ||    25
       Frozen Ramparts   |       |     4 |    14 ||    18
       Blink             |       |       |     5 ||     5
       Ozocubu's Armour  |       |       |     3 ||     3
       Mephitic Cloud    |       |       |     1 ||     1
Invok: Curse Item        |       |       |     2 ||     2
Evoke: Wand              |       |       |    19 ||    19
  Use: Scroll            |       |    11 |     6 ||    17
       Potion            |       |       |     2 ||     2
 Stab: Sleeping          |     5 |     6 |     5 ||    16
       Distracted        |     1 |       |     1 ||     2
Armor: Robe              |    10 |    17 |    47 ||    74
       Skin              |       |       |     1 ||     1
Dodge: Dodged            |    34 |    67 |   145 ||   246

Table legend: (Time is in decaauts)
 A = Elapsed time spent in this place.
 B = Non-inter-level travel time spent in this place.
 C = Inter-level travel time spent in this place.
 D = Time resting spent in this place.
 E = Time spent auto-exploring this place.
 F = Levels seen in this place.
 G = Mean time per level.
                   A        B        C        D        E       F      G
               +--------+--------+--------+--------+--------+-----+--------+
         Total |  13952 |  13744 |    208 |   7526 |   4012 |   8 | 1744.0 |
       Dungeon |  12128 |  11943 |    185 |   5816 |   3974 |   7 | 1732.6 |
        Temple |   1823 |   1800 |     23 |   1710 |     38 |   1 | 1823.0 |
               +--------+--------+--------+--------+--------+-----+--------+

Top non-repeatable levels by time:
     D:4: 3438 daAuts
     D:1: 2617 daAuts
  Temple: 1823 daAuts
     D:6: 1669 daAuts
     D:5: 1237 daAuts
     D:2: 1195 daAuts
     D:3: 1033 daAuts
     D:7: 935 daAuts
